[Event "December 5 Late 2023"]
[Site "https://www.chess.com"]
[Date "2023.12.05"]
[Round "3"]
[White "Mendez Fortes, Eduardo Jesus"]
[Black "Zakarian, David"]
[Result "1-0"]
[Board "112"]
[TimeControl "180+1"]
[WhiteFideId "3502376"]
[BlackFideId "13301276"]
[WhiteElo "2561"]
[BlackElo "2383"]
[WhiteTeam "CUB"]
[BlackTeam "ARM"]
[WhiteClock "0:02:51"]
[BlackClock "0:00:42"]

1. e4 c5 2. Nf3 e6 3. d4 cxd4 4. Nxd4 a6 5. c4 Nf6 6. Nc3 Qc7 7. Be2 b6 8. O-O Bb7 9. f3 d6 10. Be3 Nbd7 11. Qd2 Be7 12. Rfc1 O-O 13. a4 Rac8 14. a5 bxa5 15. Nb3 Ne5 16. Nxa5 Rfd8 17. Bf1 Qb8 18. Qf2 d5 19. Nxb7 Qxb7 20. cxd5 exd5 21. Bxa6 Qb3 22. Bxc8 Rxc8 23. Nxd5 Rxc1+ 24. Rxc1 Nxd5 25. exd5 Qxd5 26. Rc8+ Bf8 27. Bc5 Ng6 28. Bxf8 Qd1+ 29. Qf1 Qd4+ 30. Kh1 Nxf8 31. Qc1 h5 32. h3 h4 33. Qc5 1-0

[Event "December 5 Late 2023"]
[Site "https://www.chess.com"]
[Date "2023.12.05"]
[Round "3"]
[White "Roberson, Peter T"]
[Black "Alvarado, Carlos"]
[Result "1-0"]
[Board "113"]
[TimeControl "180+1"]
[WhiteFideId "412384"]
[BlackFideId "3800555"]
[WhiteElo "2560"]
[BlackElo "2380"]
[WhiteTeam "ENG"]
[BlackTeam "PER"]
[WhiteClock "0:00:34"]
[BlackClock "0:00:00"]

1. e4 c6 2. c3 d5 3. e5 Bf5 4. d4 e6 5. Nf3 Ne7 6. Be2 Nd7 7. Nbd2 h6 8. Nf1 Bh7 9. Ne3 c5 10. O-O Nc6 11. Re1 Be7 12. a3 c4 13. Nd2 b5 14. f4 a5 15. Bg4 g6 16. Bh3 h5 17. f5 gxf5 18. Qxh5 Nf8 19. Nf3 Rg8 20. g3 Bg6 21. Qh6 Qb6 22. Ng2 Nd7 23. Bg5 Bxg5 24. Qxg5 Rh8 25. Nf4 Qd8 26. Bg2 Qxg5 27. Nxg5 Ke7 28. Ngxe6 fxe6 29. Nxg6+ Kf7 30. Nxh8+ Rxh8 31. h4 Rg8 32. Kf2 Nb6 33. Re2 Kg7 34. Bh3 Rf8 35. Rg1 Kh6 36. Ke3 b4 37. axb4 axb4 38. g4 f4+ 39. Kf3 Na4 40. g5+ Kg7 41. Rc2 bxc3 42. bxc3 Rb8 43. Bxe6 Nxc3 44. Rxc3 Nxd4+ 45. Kxf4 Nxe6+ 46. Kg4 Rb4 47. h5 d4 48. Ra3 Rb7 49. Kf5 Nc5 50. h6+ Kh7 51. g6+ Kxh6 52. Rh1+ Kg7 53. Rh7+ Kg8 54. Ra8+ 1-0

[Event "December 5 Late 2023"]
[Site "https://www.chess.com"]
[Date "2023.12.05"]
[Round "3"]
[White "Spichkin, Alexander"]
[Black "Mortazavi, Ali"]
[Result "1-0"]
[Board "114"]
[TimeControl "180+1"]
[WhiteFideId "4144074"]
[BlackFideId "401323"]
[WhiteElo "2379"]
[BlackElo "2559"]
[WhiteTeam "RUS"]
[BlackTeam "ENG"]
[WhiteClock "0:01:35"]
[BlackClock "0:00:09"]

1. f4 Nh6 2. Nf3 d5 3. b3 c5 4. Bb2 Nc6 5. e3 f6 6. Bb5 Nf7 7. O-O e6 8. d3 Be7 9. Qe1 Qb6 10. a4 a6 11. a5 Qc7 12. Bxc6+ Qxc6 13. Nc3 Bd7 14. Na4 O-O 15. Nb6 Rad8 16. e4 d4 17. Nd2 Be8 18. Ndc4 Nd6 19. Bc1 Bf7 20. Rf3 Rfe8 21. Rh3 Nxc4 22. Nxc4 Bf8 23. Qh4 h6 24. Rg3 Kh8 25. Bd2 Bg8 26. f5 exf5 27. Bxh6 gxh6 28. Rg6 fxe4 29. Rxf6 Re6 30. Raf1 Bg7 31. Rxe6 Bxe6 32. Qxd8+ Kh7 33. Qd6 Qxd6 34. Nxd6 e3 35. Ne4 Kg6 36. Nxc5 Bd5 37. Ne4 Be5 38. g3 Bc7 39. b4 Bxe4 40. dxe4 Bd6 41. Rb1 Kf6 42. Kg2 Ke5 43. Kf3 Bc7 44. b5 Bxa5 45. bxa6 bxa6 46. Ra1 Bd2 47. Rxa6 Bc3 48. Rxh6 d3 49. cxd3 Kd4 50. Rd6+ Ke5 51. Rd5+ Ke6 52. d4 1-0

[Event "December 5 Late 2023"]
[Site "https://www.chess.com"]
[Date "2023.12.05"]
[Round "3"]
[White "Karamsetty, Jeevan"]
[Black "Akhayan, Ruben"]
[Result "1-0"]
[Board "115"]
[TimeControl "180+1"]
[WhiteFideId "2025337"]
[BlackFideId "204439"]
[WhiteElo "2559"]
[BlackElo "2377"]
[WhiteTeam "USA"]
[BlackTeam "BEL"]
[WhiteClock "0:01:39"]
[BlackClock "0:01:15"]

1. g3 g6 2. Bg2 Bg7 3. Nf3 Nf6 4. O-O O-O 5. Nc3 d5 6. d4 Ne4 7. Ne5 Nxc3 8. bxc3 c6 9. Rb1 Nd7 10. Nd3 Nb6 11. e4 dxe4 12. Bxe4 Bf5 13. Bxf5 gxf5 14. Qh5 e6 15. Bg5 Qd5 16. Nf4 Qxa2 17. Bh6 f6 18. Rbe1 Rae8 19. d5 e5 20. Bxg7 Kxg7 21. Ne6+ Rxe6 22. dxe6 Qxe6 23. Ra1 Ra8 24. Rfb1 Qd7 25. Rxb6 1-0

[Event "December 5 Late 2023"]
[Site "https://www.chess.com"]
[Date "2023.12.05"]
[Round "3"]
[White "Nery Junior, Jose Antonio"]
[Black "Garcia, Gabriel Gonzaga"]
[Result "0-1"]
[Board "116"]
[TimeControl "180+1"]
[WhiteFideId "2104822"]
[BlackFideId "2138956"]
[WhiteElo "2369"]
[BlackElo "2559"]
[WhiteTeam "BRA"]
[BlackTeam "BRA"]
[WhiteClock "0:00:00"]
[BlackClock "0:00:13"]

1. e4 c6 2. d4 d5 3. Nd2 dxe4 4. Nxe4 Nf6 5. Ng5 h6 6. Nxf7 Kxf7 7. Nf3 e6 8. Ne5+ Kg8 9. Bc4 c5 10. O-O Qxd4 11. Qe2 Nc6 12. Ng6 Qg4 13. Qxg4 Nxg4 14. Nxh8 Kxh8 15. Re1 Bd6 16. h3 Nge5 17. Be2 Nd4 18. Bd1 Bd7 19. c3 Nf5 20. Bc2 Nc4 21. Bb3 Nb6 22. Bd2 c4 23. Bc2 Rf8 24. Rad1 Bc5 25. Be3 Nxe3 26. fxe3 Bc6 27. Rd2 Nd5 28. Rde2 Nf6 29. Kh2 Be4 30. b3 Bxc2 31. Rxc2 Ne4 32. Kg1 Rf7 33. b4 Bb6 34. a4 a5 35. bxa5 Bxa5 36. Rec1 Rd7 37. Kf1 Rd3 38. Ke2 Nxc3+ 39. Kf3 b6 40. g4 Kh7 41. h4 Kg6 42. Kf2 Kf6 43. Rf1 Ke5 44. Rfc1 Nd1+ 45. Ke2 Nxe3 46. Rb2 Nd5 47. Rb5 Re3+ 48. Kf2 Rc3 49. Re1+ Kd6 50. Re4 Rc2+ 51. Kf3 c3 52. Rc4 Rc1 53. g5 hxg5 54. hxg5 c2 55. Kg2 Ne3+ 56. Kf3 Nxc4 57. Ke2 Re1+ 58. Kd3 c1=Q 0-1

[Event "December 5 Late 2023"]
[Site "https://www.chess.com"]
[Date "2023.12.05"]
[Round "3"]
[White "Przybylski, Wojciech"]
[Black "Bonin, Jay"]
[Result "0-1"]
[Board "117"]
[TimeControl "180+1"]
[WhiteFideId "1117599"]
[BlackFideId "2000644"]
[WhiteElo "2558"]
[BlackElo "2367"]
[WhiteTeam "POL"]
[BlackTeam "USA"]
[WhiteClock "0:00:00"]
[BlackClock "0:00:43"]

1. e4 c5 2. Nf3 Nc6 3. b4 cxb4 4. d4 d5 5. e5 Bg4 6. Be3 e6 7. Be2 Nge7 8. h3 Bxf3 9. Bxf3 Nf5 10. O-O Qb6 11. a4 a5 12. Be2 Be7 13. Bb5 O-O 14. g4 Nxe3 15. fxe3 f6 16. exf6 Rxf6 17. Nd2 Rxf1+ 18. Qxf1 Nxd4 19. exd4 Qxd4+ 20. Kh1 Qxd2 21. Qe1 Qxe1+ 22. Rxe1 Rc8 23. Rxe6 Kf7 24. Re2 d4 25. Bd3 Rc3 26. Be4 Re3 27. Rf2+ Ke6 28. Bxb7 Rxh3+ 29. Kg2 Ra3 30. Bc6 d3 31. cxd3 Rxd3 32. Be8 Bf6 33. Re2+ Be5 34. Bb5 Rc3 35. Ba6 b3 36. Kf2 Rc2 0-1

[Event "December 5 Late 2023"]
[Site "https://www.chess.com"]
[Date "2023.12.05"]
[Round "3"]
[White "Prokhorov, Oleksandr"]
[Black "Yang, Kevin"]
[Result "0-1"]
[Board "118"]
[TimeControl "180+1"]
[WhiteFideId "14105578"]
[BlackFideId "30908485"]
[WhiteElo "2346"]
[BlackElo "2558"]
[WhiteTeam "UKR"]
[BlackTeam "USA"]
[WhiteClock "0:00:18"]
[BlackClock "0:00:45"]

1. d4 Nf6 2. c4 e6 3. Nf3 c5 4. d5 b5 5. Bg5 b4 6. e4 d6 7. Bd3 Be7 8. O-O O-O 9. Re1 e5 10. h3 Nxd5 11. Bxe7 Nxe7 12. a3 Nbc6 13. axb4 Nxb4 14. Nc3 a6 15. Nd5 Nexd5 16. cxd5 Bd7 17. Qe2 Qb6 18. Bc4 Bb5 19. Nd2 Nc2 20. Nb3 Nxe1 21. Rxe1 Bxc4 22. Qxc4 Rfb8 23. Re3 a5 24. Rg3 a4 25. Nd2 Qxb2 26. Nf3 a3 27. Nh4 g6 28. Nf5 a2 29. Nxd6 a1=Q+ 30. Kh2 Qxf2 31. Nf5 Qag1# 0-1

[Event "December 5 Late 2023"]
[Site "https://www.chess.com"]
[Date "2023.12.05"]
[Round "3"]
[White "aksuliini1"]
[Black "Ramadoss, Ashokkumar"]
[Result "1-0"]
[Board "119"]
[TimeControl "180+1"]
[BlackFideId "5040990"]
[WhiteElo "2554"]
[BlackElo "2334"]
[BlackTeam "IND"]
[WhiteClock "0:00:50"]
[BlackClock "0:00:11"]

1. e4 e6 2. d4 d5 3. Nd2 Be7 4. Ngf3 Nf6 5. e5 Nfd7 6. Bd3 c5 7. c3 Nc6 8. O-O a5 9. a4 cxd4 10. cxd4 Ndb8 11. Nb1 Nb4 12. Bb5+ N8c6 13. Nc3 O-O 14. Be3 f6 15. exf6 Bxf6 16. Re1 Qe8 17. Ne2 Qg6 18. Nf4 Qc2 19. Rc1 Qxd1 20. Rexd1 Bd7 21. h4 Rac8 22. h5 Kf7 23. Nh3 h6 24. Nf4 Rfd8 25. Ng6 Na2 26. Ra1 Nab4 27. Rdc1 Be8 28. g4 Kg8 29. Nf4 Bf7 30. Ng6 Bxg6 31. hxg6 Ne7 32. Rxc8 Rxc8 33. Bd7 Rc2 34. Bxe6+ Kf8 35. g5 hxg5 36. Nxg5 Nxg6 37. Bf5 1-0

[Event "December 5 Late 2023"]
[Site "https://www.chess.com"]
[Date "2023.12.05"]
[Round "3"]
[White "Mohammad, Fahim"]
[Black "Estrada Nieto, Julian"]
[Result "0-1"]
[Board "120"]
[TimeControl "180+1"]
[WhiteFideId "10206248"]
[BlackFideId "5101018"]
[WhiteElo "2312"]
[BlackElo "2554"]
[WhiteTeam "FRA"]
[BlackTeam "ESP"]
[WhiteClock "0:00:47"]
[BlackClock "0:02:26"]

1. d4 d5 2. c4 dxc4 3. Nf3 Nf6 4. e3 e6 5. Bxc4 a6 6. O-O c5 7. Qe2 Nc6 8. Rd1 Qc7 9. a3 b5 10. Ba2 Bb7 11. Nc3 Rd8 12. d5 exd5 13. Nxd5 Nxd5 14. Bxd5 Bd6 15. b3 O-O 16. Bb2 Nd4 17. Nxd4 Bxd5 18. Nxb5 axb5 0-1

[Event "December 5 Late 2023"]
[Site "https://www.chess.com"]
[Date "2023.12.05"]
[Round "3"]
[White "Polanco Nunez, Yoel Estarling"]
[Black "Hajiyev, Kanan"]
[Result "1-0"]
[Board "121"]
[TimeControl "180+1"]
[WhiteFideId "6401783"]
[BlackFideId "13404148"]
[WhiteElo "2278"]
[BlackElo "2551"]
[WhiteTeam "DOM"]
[BlackTeam "AZE"]
[WhiteClock "0:00:48"]
[BlackClock "0:00:43"]

1. d4 d5 2. c4 c6 3. Nc3 Nf6 4. e3 Bf5 5. Bd3 Bxd3 6. Qxd3 e6 7. Nf3 Bb4 8. O-O O-O 9. b3 Bxc3 10. Qxc3 Ne4 11. Qc2 Nd7 12. Nd2 Ndf6 13. Bb2 a5 14. a4 Nxd2 15. Qxd2 Ne4 16. Qc2 Qg5 17. Rae1 h5 18. f3 Nf6 19. e4 Qg6 20. Kh1 Rfe8 21. Re2 Rad8 22. Rfe1 h4 23. exd5 Qxc2 24. Rxc2 cxd5 25. c5 Ra8 26. Bc1 Rec8 27. Bg5 h3 28. g4 Nd7 29. Kg1 Rc6 30. Kf2 b6 31. Rec1 Rac8 32. Be3 bxc5 33. dxc5 e5 34. Kg3 d4 35. Bd2 Rxc5 36. Rxc5 Rxc5 37. Rxc5 Nxc5 38. Bxa5 Nxb3 39. Bb4 d3 40. Kf2 Nd4 41. Bc3 Nb3 42. a5 Nc5 43. Bxe5 f6 44. Bd4 Na6 45. Ke3 Kf7 46. Kxd3 Ke6 47. Ke4 Nb4 48. Bc3 Na6 49. Bd4 Nb4 50. Be3 Kd6 51. Bc1 g6 52. Ba3 1-0

[Event "December 5 Late 2023"]
[Site "https://www.chess.com"]
[Date "2023.12.05"]
[Round "3"]
[White "Dong, Kyle Qiyu"]
[Black "Bijaoui, Manuel"]
[Result "0-1"]
[Board "122"]
[TimeControl "180+1"]
[WhiteFideId "30977380"]
[BlackFideId "626783"]
[WhiteElo "2270"]
[BlackElo "2547"]
[WhiteTeam "USA"]
[BlackTeam "FRA"]
[WhiteClock "0:00:19"]
[BlackClock "0:01:41"]

1. c4 Nf6 2. Nc3 g6 3. g3 Bg7 4. Bg2 O-O 5. e4 d6 6. Nge2 c5 7. d3 Nc6 8. O-O h5 9. h3 a6 10. Rb1 Rb8 11. a3 b5 12. cxb5 axb5 13. b4 cxb4 14. axb4 Bd7 15. f4 Qb6+ 16. Kh1 Rfc8 17. Bd2 Nd4 18. Be3 Nxe2 19. Qxe2 Qd8 20. Rfc1 Bc6 21. d4 d5 22. e5 Ne4 23. Nxe4 dxe4 24. Rc5 e6 25. Rbc1 Bd5 26. Rxc8 Rxc8 27. Rxc8 Qxc8 28. Qxb5 Qc3 29. Qe2 Qxb4 30. Bf2 Qb1+ 31. Kh2 Bf8 32. g4 hxg4 33. hxg4 Bh6 34. Bg3 Qd3 35. Qxd3 exd3 36. Bf1 d2 37. Be2 Bb3 38. g5 Bf8 39. Bf2 d1=Q 40. Bxd1 Bxd1 41. Kg3 Bb3 42. Be1 Ba3 43. Kf2 Kf8 44. Bd2 Ke7 45. Ke3 Kd7 46. Kd3 Bb2 47. Be3 Kc6 48. Ke4 Bc2+ 49. Kf3 Kd5 0-1

[Event "December 5 Late 2023"]
[Site "https://www.chess.com"]
[Date "2023.12.05"]
[Round "3"]
[White "Martins, Bruno Andre Leite"]
[Black "Chlpik, Martin"]
[Result "0-1"]
[Board "123"]
[TimeControl "180+1"]
[WhiteFideId "1942255"]
[BlackFideId "14923351"]
[WhiteElo "2542"]
[BlackElo "2256"]
[WhiteTeam "POR"]
[BlackTeam "SVK"]
[WhiteClock "0:00:06"]
[BlackClock "0:00:34"]

1. d4 Nf6 2. c4 c5 3. dxc5 Na6 4. a3 Nxc5 5. b4 Nce4 6. Bb2 d5 7. Nf3 Ng4 8. Bd4 dxc4 9. h3 Ngxf2 10. Qa4+ Bd7 11. Qc2 Nxh1 12. Qxe4 Ng3 13. Qxb7 Rc8 14. Nc3 e6 15. O-O-O Nxf1 16. Rxf1 Bc6 17. Qxa7 Ra8 18. Qb6 Qxb6 19. Bxb6 Rxa3 20. Kb2 Bxb4 21. Bd4 Rb3+ 22. Kc2 Bxc3 23. Bxc3 Be4+ 24. Kd2 O-O 25. Rc1 Ra8 26. Ke3 Bxf3 27. gxf3 Raa3 28. Kd4 Rxc3 29. Rxc3 Rxc3 30. Kxc3 f6 31. Kxc4 Kf7 32. Kc5 g5 33. Kd6 h5 34. e4 f5 35. exf5 exf5 36. Ke5 Kg6 37. Kd4 Kf6 38. Kd5 g4 39. fxg4 fxg4 40. hxg4 hxg4 41. Ke4 Kg5 42. Ke3 Kh4 43. Kf2 Kh3 44. Kf1 Kh2 0-1

[Event "December 5 Late 2023"]
[Site "https://www.chess.com"]
[Date "2023.12.05"]
[Round "3"]
[White "Curtis, John"]
[Black "Rangel, Daniel"]
[Result "0-1"]
[Board "124"]
[TimeControl "180+1"]
[WhiteFideId "3200256"]
[BlackFideId "2124475"]
[WhiteElo "2213"]
[BlackElo "2541"]
[WhiteTeam "AUS"]
[BlackTeam "BRA"]
[WhiteClock "0:00:09"]
[BlackClock "0:00:15"]

1. d4 Nf6 2. c4 e6 3. Nc3 d5 4. Bg5 Be7 5. e3 O-O 6. Bd3 dxc4 7. Bxc4 a6 8. Qf3 Nbd7 9. Nge2 Rb8 10. Rd1 b5 11. Bd3 Bb7 12. Qh3 Qc8 13. Ng3 c5 14. Nh5 g6 15. Nxf6+ Bxf6 16. Bxf6 Nxf6 17. Qh4 cxd4 18. Qxd4 Nd5 19. Nxd5 Bxd5 20. O-O Bxa2 21. b4 Rd8 22. Qa1 Bd5 23. e4 Bb7 24. Qf6 Qc7 25. h4 h5 26. e5 Re8 27. Bxg6 fxg6 28. Qxg6+ Qg7 29. Qxg7+ Kxg7 30. Rd7+ Kg6 31. Rfd1 Bd5 32. Rd6 Kf5 33. Rxa6 Rg8 34. f3 Kxe5 35. Kf2 Rg6 36. Rg1 Rbg8 37. Rb6 Bc4 38. Re1+ Kf5 39. Rc6 Rxg2+ 40. Ke3 Rd8 41. Rc5+ e5 42. Rg1 Rd3# 0-1

[Event "December 5 Late 2023"]
[Site "https://www.chess.com"]
[Date "2023.12.05"]
[Round "3"]
[White "Kashefi, Amir Hosein"]
[Black "Golubenko, Valentina"]
[Result "1-0"]
[Board "125"]
[TimeControl "180+1"]
[WhiteFideId "12557935"]
[BlackFideId "4501993"]
[WhiteElo "2539"]
[BlackElo "2235"]
[WhiteTeam "IRI"]
[BlackTeam "CRO"]
[WhiteClock "0:01:51"]
[BlackClock "0:00:17"]

1. d4 Nf6 2. Nf3 g6 3. g3 Bg7 4. Bg2 c5 5. O-O cxd4 6. Qxd4 Nc6 7. Qh4 O-O 8. Nc3 d5 9. Bh6 Bf5 10. Ng5 Ne5 11. Nxd5 Neg4 12. Nxf6+ Nxf6 13. e4 Bc8 14. Bxg7 Kxg7 15. e5 Nh5 16. g4 f6 17. gxh5 fxg5 18. Qxg5 Rf5 19. h6+ Kh8 20. Rad1 Qc7 21. Qg3 Be6 22. b3 Raf8 23. Bh3 Rf3 24. Bxe6 Rxg3+ 25. fxg3 Rxf1+ 26. Rxf1 Qb6+ 27. Rf2 Qxe6 28. Rf8+ Qg8 29. Rxg8+ Kxg8 30. e6 Kf8 31. Kf2 Ke8 32. Ke3 Kd8 33. Kd4 Kc7 34. Kc5 b6+ 35. Kd5 Kb7 36. c4 Kc7 37. b4 Kb7 38. a4 Kc7 39. g4 Kb7 40. h4 Kc7 41. g5 Kb7 42. h5 gxh5 43. g6 hxg6 44. h7 h4 45. h8=Q g5 46. Qe8 1-0

[Event "December 5 Late 2023"]
[Site "https://www.chess.com"]
[Date "2023.12.05"]
[Round "3"]
[White "Wieczorek, Zbigniew"]
[Black "Lewicki, Miroslaw"]
[Result "1-0"]
[Board "126"]
[TimeControl "180+1"]
[WhiteFideId "1102001"]
[BlackFideId "1113380"]
[WhiteElo "2208"]
[BlackElo "2535"]
[WhiteTeam "POL"]
[BlackTeam "POL"]
[WhiteClock "0:00:12"]
[BlackClock "0:01:45"]

1. Nf3 Nf6 2. c4 e6 3. d4 c5 4. d5 d6 5. Nc3 Nbd7 6. dxe6 fxe6 7. e4 Be7 8. Be2 O-O 9. O-O a6 10. Ng5 Ne5 11. f4 Nc6 12. f5 exf5 13. exf5 Nd4 14. Bd3 h6 15. Nh3 Nd7 16. Nf4 Ne5 17. Ng6 Nxg6 18. fxg6 Bf6 19. Nd5 Be5 20. Rf7 Rxf7 21. gxf7+ Kxf7 22. Qh5+ Kg8 23. Qg6 Qh4 24. Qe8# 1-0

[Event "December 5 Late 2023"]
[Site "https://www.chess.com"]
[Date "2023.12.05"]
[Round "3"]
[White "Jing, Andrew"]
[Black "Bayo Milagro, Alvaro"]
[Result "1-0"]
[Board "127"]
[TimeControl "180+1"]
[WhiteFideId "30984076"]
[BlackFideId "22275240"]
[WhiteElo "2206"]
[BlackElo "2535"]
[WhiteTeam "USA"]
[BlackTeam "ESP"]
[WhiteClock "0:00:50"]
[BlackClock "0:00:04"]

1. d4 d5 2. c4 e6 3. Nf3 Nf6 4. g3 Bb4+ 5. Nbd2 O-O 6. Bg2 b6 7. O-O Bb7 8. a3 Be7 9. cxd5 Bxd5 10. Re1 Ne4 11. Nf1 c5 12. Ne3 Bb7 13. dxc5 Bxc5 14. b4 Be7 15. Bb2 Bf6 16. Ne5 Bxe5 17. Bxe5 Nd7 18. Bb2 Rb8 19. Qd3 Ndf6 20. Red1 Qxd3 21. Rxd3 Ba6 22. Rd4 Bb7 23. f3 e5 24. Rdd1 Ng5 25. Bxe5 Rbe8 26. Bxf6 gxf6 27. Ng4 Rxe2 28. Nxf6+ Kg7 29. Nh5+ Kh6 30. Nf4 Rb2 31. Rd6+ Kg7 32. Rd3 Rc8 33. h4 Ba6 34. Rd7 h6 35. hxg5 hxg5 36. Nd3 Bxd3 37. Rxd3 Rcc2 38. Bf1 f5 39. Rd5 Kf6 40. Rd3 f4 41. g4 a5 42. bxa5 bxa5 43. a4 Rh2 44. Raa3 Rh4 45. Rab3 Rc2 46. Rb5 Rc1 47. Rxa5 Rh8 48. Rf5+ Ke6 49. Rfd5 Rb8 50. Rd1 Rc3 51. R5d3 Rc2 52. Ra3 Rbb2 53. a5 1-0

[Event "December 5 Late 2023"]
[Site "https://www.chess.com"]
[Date "2023.12.05"]
[Round "3"]
[White "Cervantes Landeiro, Thalia"]
[Black "Luxama, Jacques Muller"]
[Result "1-0"]
[Board "128"]
[TimeControl "180+1"]
[WhiteFideId "3520498"]
[BlackFideId "11900113"]
[WhiteElo "2533"]
[BlackElo "2214"]
[WhiteTeam "USA"]
[BlackTeam "HAI"]
[WhiteClock "0:00:03"]
[BlackClock "0:00:00"]

1. d4 Nf6 2. c4 e6 3. Nf3 d5 4. Nc3 c6 5. e3 Nbd7 6. Qc2 Bd6 7. Bd3 O-O 8. O-O Qe7 9. e4 dxe4 10. Nxe4 Nxe4 11. Bxe4 h6 12. h3 Nf6 13. Bd3 c5 14. Be3 cxd4 15. Nxd4 a6 16. Rfe1 Qc7 17. a3 Bf4 18. b4 Rd8 19. Rad1 Bxe3 20. fxe3 Qg3 21. Qf2 Qxf2+ 22. Kxf2 Bd7 23. c5 Ba4 24. Rc1 e5 25. Bc2 exd4 26. Bxa4 dxe3+ 27. Rxe3 Rd2+ 28. Re2 Rad8 29. Rc2 Ne4+ 30. Ke3 R2d3+ 31. Kxe4 R8d4+ 32. Ke5 Rd5+ 33. Kf4 g5+ 34. Kg4 R5d4+ 35. Kf5 Rxa3 36. Be8 Kg7 37. Ke5 Rad3 38. c6 Rd5+ 39. Ke4 f6 40. g4 R5d4+ 41. Kf5 Rd5+ 42. Ke6 bxc6 43. Ke7 Re5+ 44. Rxe5 fxe5 45. Rxc6 e4 46. Rc7 e3 47. Bc6 1-0

[Event "December 5 Late 2023"]
[Site "https://www.chess.com"]
[Date "2023.12.05"]
[Round "3"]
[White "Novikova, Margarita"]
[Black "Kopczynski, Michal"]
[Result "0-1"]
[Board "129"]
[TimeControl "180+1"]
[WhiteFideId "14109689"]
[BlackFideId "1124200"]
[WhiteElo "2130"]
[BlackElo "2531"]
[WhiteTeam "GER"]
[BlackTeam "POL"]
[WhiteClock "0:02:48"]
[BlackClock "0:02:51"]

1. d4 Nf6 2. Bf4 g6 3. Nd2 Bg7 4. h3 O-O 5. Ngf3 d6 6. e3 Nfd7 7. c3 Nc6 8. Bc4 e5 9. Bg3 Kh8 10. Ng5 Qxg5 0-1

[Event "December 5 Late 2023"]
[Site "https://www.chess.com"]
[Date "2023.12.05"]
[Round "3"]
[White "Korchynskyi, Mykola"]
[Black "Keller, Peter"]
[Result "1-0"]
[Board "130"]
[TimeControl "180+1"]
[WhiteFideId "34138005"]
[BlackFideId "1272105"]
[WhiteElo "2528"]
[BlackElo "2182"]
[WhiteTeam "UKR"]
[BlackTeam "GER"]
[WhiteClock "0:00:04"]
[BlackClock "0:00:00"]

1. d4 d5 2. c4 c6 3. Nc3 dxc4 4. e3 b5 5. a4 b4 6. Na2 e6 7. Bxc4 Nf6 8. Nf3 Be7 9. O-O O-O 10. Bd2 a5 11. Rc1 Bb7 12. Qe2 Nbd7 13. Rcd1 Qb6 14. Nc1 c5 15. b3 Rac8 16. dxc5 Nxc5 17. Nd3 Nce4 18. Nf4 Nd6 19. Bd3 Nd5 20. Nxd5 Bxd5 21. Rb1 Ne4 22. Nd4 Nxd2 23. Qxd2 Rc3 24. Rfc1 Rfc8 25. Be2 g6 26. Bd1 Bf6 27. Nb5 R3c5 28. h3 h5 29. Rc2 h4 30. Rbc1 Kg7 31. Rb1 Bc3 32. Qe2 Bf6 33. Rbc1 Rxc2 34. Rxc2 Rxc2 35. Bxc2 Qb7 36. f3 Qc6 37. e4 1-0

[Event "December 5 Late 2023"]
[Site "https://www.chess.com"]
[Date "2023.12.05"]
[Round "3"]
[White "Jesusesmifuerza"]
[Black "Urbina Perez, Juan Antonio"]
[Result "0-1"]
[Board "131"]
[TimeControl "180+1"]
[BlackFideId "2217368"]
[WhiteElo "2127"]
[BlackElo "2526"]
[BlackTeam "ESP"]
[WhiteClock "0:00:12"]
[BlackClock "0:00:24"]

1. e4 e5 2. Nf3 Nf6 3. Nxe5 d6 4. Nf3 Nxe4 5. d3 Nf6 6. Be2 Be7 7. O-O O-O 8. d4 d5 9. h3 Bd6 10. c4 dxc4 11. Bxc4 Bf5 12. Nc3 Nc6 13. Bg5 h6 14. Bxf6 Qxf6 15. Nd5 Qd8 16. Re1 Na5 17. Ne3 Bd7 18. Qd2 Nxc4 19. Nxc4 Be7 20. Nce5 Be6 21. Ng6 fxg6 22. Rxe6 Bf6 23. Rae1 Qd5 24. Qb4 Rad8 25. R6e4 a5 26. Qa4 c6 27. a3 Kh7 28. Qc2 Qf5 29. Qb3 Rd7 30. R1e2 Rfd8 31. Ne5 Rxd4 32. Rxd4 Rxd4 33. Nf3 Rd7 34. g4 Qb1+ 35. Kg2 Rd3 36. Qxb7 Qd1 37. Re8 Qxf3+ 38. Kg1 Rd1+ 39. Kh2 Rh1# 0-1

[Event "December 5 Late 2023"]
[Site "https://www.chess.com"]
[Date "2023.12.05"]
[Round "3"]
[White "Tikhonov, Viacheslav"]
[Black "Negron Lizarazo, Juan Sebastian"]
[Result "1-0"]
[Board "132"]
[TimeControl "180+1"]
[WhiteFideId "44196407"]
[BlackFideId "3936910"]
[WhiteElo "2521"]
[BlackElo "2103"]
[WhiteTeam "RUS"]
[BlackTeam "COL"]
[WhiteClock "0:00:05"]
[BlackClock "0:00:00"]

1. e4 c5 2. Nf3 d6 3. Nc3 Nf6 4. e5 dxe5 5. Nxe5 Nbd7 6. d4 cxd4 7. Qxd4 Nxe5 8. Qxe5 Bd7 9. Bf4 g6 10. O-O-O Bg7 11. Bb5 O-O 12. Qe3 Qc8 13. Bxd7 Nxd7 14. Qxe7 Nb6 15. Rhe1 Qc4 16. Be5 Rae8 17. Qd6 Rxe5 18. Rxe5 Qf4+ 19. Re3 Qxd6 20. Rxd6 Nc4 21. Rd7 Nxe3 22. fxe3 Re8 23. Kd2 Bh6 24. Nd1 Rb8 25. Nc3 a6 26. Nd5 Kg7 27. a4 b5 28. a5 Bg5 29. Rd6 Ra8 30. Kd3 Bd8 31. b4 Bh4 32. Rc6 Be1 33. c4 Rd8 34. Ke2 bxc4 35. e4 Bh4 36. Rxc4 f5 37. Rc7+ Kh6 38. Kd3 fxe4+ 39. Kxe4 Re8+ 40. Kd4 Bf2+ 41. Kc4 Re4+ 42. Kb3 Rd4 43. Nc3 Rd3 44. Rc6 Be1 45. Kc2 Rd2+ 46. Kb3 Rxg2 47. Rxa6 Rxh2 48. Rc6 Rh3 49. a6 Rd3 50. a7 Rd8 51. Nb5 Ra8 52. Rf6 Bf2 53. Rxf2 Kg5 54. Rc2 h5 55. Rc7 h4 56. Rb7 h3 57. Rb8 h2 58. Rxa8 h1=Q 59. Rc8 Qf3+ 60. Ka4 Qd1+ 61. Ka5 Qa1+ 62. Kb6 Qf6+ 63. Rc6 Qd8+ 64. Nc7 Qd4+ 65. Kb5 Qd3+ 66. Ka5 1-0

[Event "December 5 Late 2023"]
[Site "https://www.chess.com"]
[Date "2023.12.05"]
[Round "3"]
[White "De Souza, Arthur Olintho"]
[Black "Rogov, Matfey"]
[Result "0-1"]
[Board "133"]
[TimeControl "180+1"]
[WhiteFideId "2116200"]
[BlackFideId "44191308"]
[WhiteElo "2041"]
[BlackElo "2520"]
[WhiteTeam "BRA"]
[BlackTeam "RUS"]
[WhiteClock "0:00:52"]
[BlackClock "0:00:15"]

1. e4 e6 2. Nf3 d5 3. Nc3 Nf6 4. e5 Nfd7 5. d4 c5 6. dxc5 Nc6 7. Bf4 Bxc5 8. Bd3 h6 9. h4 a6 10. Rh3 Qc7 11. Qe2 b5 12. h5 Bb7 13. Rg3 Bf8 14. O-O-O b4 15. Na4 Qa5 16. b3 Nc5 17. Nxc5 Bxc5 18. Kb1 Na7 19. Rxg7 Nb5 20. Bxb5+ axb5 21. Kc1 Rc8 22. Kb1 Bc6 23. Nd4 Bxd4 24. Rxd4 Ra8 25. c4 bxc4 26. bxc4 b3 27. cxd5 bxa2+ 28. Ka1 Qc3+ 29. Qb2 Qxb2+ 30. Kxb2 a1=Q+ 0-1

[Event "December 5 Late 2023"]
[Site "https://www.chess.com"]
[Date "2023.12.05"]
[Round "3"]
[White "Aung Thant Zin"]
[Black "Petukhov, Dmitry"]
[Result "0-1"]
[Board "134"]
[TimeControl "180+1"]
[WhiteFideId "13000063"]
[BlackFideId "4142748"]
[WhiteElo "2039"]
[BlackElo "2518"]
[WhiteTeam "MYA"]
[BlackTeam "RUS"]
[WhiteClock "0:00:00"]
[BlackClock "0:01:05"]

1. e4 c5 2. Nf3 d6 3. Bb5+ Nc6 4. O-O Bd7 5. c3 a6 6. Bxc6 Bxc6 7. Re1 e5 8. d4 Qc7 9. a4 Nf6 10. Nbd2 Be7 11. a5 O-O 12. Nc4 Bxe4 13. dxe5 dxe5 14. Nfxe5 Rad8 15. Qe2 Rfe8 16. Bf4 Qc8 17. Bg3 Bf8 18. f3 Bd5 19. Nb6 Qf5 20. Rad1 Bb3 21. Rxd8 Rxd8 22. c4 Nh5 23. Bf2 Nf4 24. Qe4 Qg5 25. Bg3 Nh5 26. Qe3 Qxe3+ 27. Rxe3 Nxg3 28. Rxb3 Ne2+ 29. Kf2 Nd4 30. Rd3 f6 31. Ng4 Bd6 32. g3 Bc7 33. Nd5 Bxa5 34. b4 Bxb4 35. Nxb4 cxb4 36. Ne3 Nc6 37. Nd5 Kf7 0-1